 Dungeon Crawl Stone Soup version 0.24-a0-652-g46ecf6da75 (webtiles) character file.

Game seed: 5349389257946301763, levelgen mode: deterministic

1162 MisterOstroum the Merchant of Misery (level 8, -1/62 HPs)
             Began as a Demonspawn Artificer on Sept 26, 2019.
             Was a Believer of Kikubaaqudgha.
             Slain by a bullfrog (3 damage)
             ... on level 6 of the Dungeon.
             The game lasted 00:20:11 (7831 turns).

MisterOstroum the Merchant of Misery (DsAr)         Turns: 7831, Time: 00:20:12

Health: -1/62      AC:  7    Str: 15    XL:     8   Next: 17%
Magic:  0/14       EV: 13    Int: 14    God:    Kikubaaqudgha [**....]
Gold:   103        SH:  0    Dex: 18    Spells: 9/15 levels left

rFire    . . .     SeeInvis +   c - +2 dagger (venom)
rCold    . . .     Gourm    .   (no shield)
rNeg     . . .     Faith    .   G - +2 robe "Ozia" {Str+2 Dex+4 Stlth+}
rPois    .         Spirit   +   v - +0 helmet
rElec    .         Reflect  .   (no cloak)
rCorr    .         Harm     .   (no gloves)
MR       .....     Rnd*Rage +   (no boots)
Stlth    +++.......             z - amulet of rage (curse)
HPRegen  0.20/turn              F - ring of see invisible
MPRegen  0.28/turn              (no ring)

@: berserk cooldown, slowed, very slow
A: claws 1, thin metallic scales 1, berserk 1, blink, magic shield, magic
regeneration, magic link
a: Blink, Receive Corpses, Renounce Religion, Evoke Berserk Rage


You were on level 6 of the Dungeon.
You worshipped Kikubaaqudgha.
Kikubaaqudgha was pleased with you.
You were not hungry.

You visited 1 branch of the dungeon, and saw 6 of its levels.

You collected 279 gold pieces.
You spent 176 gold pieces at shops.

Inventory:

Hand Weapons
 a - a +1 spear
 b - a +0 hunting sling
 c - a +2 dagger of venom (weapon)
Missiles
 l - 11 boomerangs (quivered)
 q - 220 stones
 u - 27 poisoned darts
Armour
 v - a +0 helmet (worn)
 G - the +2 robe "Ozia" (worn) {Str+2 Dex+4 Stlth+}
   (You found it on level 6 of the Dungeon)

   It affects your strength (+2).
   It affects your dexterity (+4).
   It makes you more stealthy.
Jewellery
 s - the ring "Ihub" {Fire +Blink Str-2 Dex+3}
   (You found it on level 4 of the Dungeon)

   [ring of fire]

   It enhances your fire magic.
   It affects your strength (-2).
   It affects your dexterity (+3).
   It protects you from fire.
   It makes you vulnerable to cold.
   It lets you blink.
 z - a cursed amulet of rage (around neck)
 F - a ring of see invisible (left claw)
Wands
 d - a wand of enslavement (12)
 f - a wand of random effects (9)
 n - a wand of flame (3)
Scrolls
 g - 4 scrolls of identify {@r1}
 h - a scroll of enchant weapon
 k - a scroll of amnesia
 t - a scroll of fog {!r}
 w - 4 scrolls of remove curse {@r2}
 D - a scroll of immolation {unknown}
 E - a scroll of fear {unknown}
Potions
 i - a potion of curing {@q1 !q}
 o - a potion of agility {@q5 !q}
 p - 2 potions of resistance
 r - 3 potions of flight
 A - a potion of lignification {@q6}
 B - a potion of haste {@q4 !q}
Comestibles
 e - 9 rations
 C - 4 chunks of flesh


   Skills:
 - Level 5.0 Fighting
 - Level 0.8 Short Blades
 - Level 2.9 Polearms
 + Level 2.5 Dodging
 - Level 0.8 Stealth
 - Level 4.0 Spellcasting
 * Level 5.7 Necromancy
 - Level 3.1 Evocations


You had 9 spell levels left.
You knew the following spells:

 Your Spells              Type           Power        Failure   Level  Hunger
a - Pain                  Necr           ###.         1%          1    None
b - Vampiric Draining     Necr           ###.......   5%          3    ###....
S - Sublimation of Blood  Necr           ###.......   2%          2    ##.....

Your spell library contained the following spells:

 Spells                   Type           Power        Failure   Level  Hunger
 Corpse Rot               Necr           N/A          2%          2    ##.....


Dungeon Overview and Level Annotations

Branches:
Dungeon (6/15)
 Temple: D:4-7

Altars:
Kikubaaqudgha
Wu Jian

Shops:
D:4 ![=

Annotations:
D:5 2 transporters, timeslip1974's ghost, amateur HOFi


Innate Abilities, Weirdness & Mutations

You have sharp fingernails.
You are partially covered in thin metallic scales. (AC +2)
When hurt, damage is shared between your health and your magic reserves.
You regenerate magic rapidly.
When low on magic, you restore magic in place of health.
You tend to lose your temper in combat.
You can translocate small distances at will.


Message History

Some of the chunks of flesh in your inventory have rotted away.
You hit the howler monkey.
The howler monkey is poisoned.
The howler monkey is lightly wounded.
The howler monkey hits you but does no damage.
You hit the howler monkey.
The howler monkey looks as sick as possible!
The howler monkey is moderately wounded.
The howler monkey closely misses you. The howler monkey hits you.
You hit the howler monkey.
The howler monkey is heavily wounded.
The howler monkey hits you.
You hit the howler monkey.
The howler monkey looks as sick as possible!
The howler monkey is severely wounded.
The howler monkey barely misses you.
You hit the howler monkey.
The howler monkey is severely wounded.
The howler monkey closely misses you.
You hit the howler monkey but do no damage.
The howler monkey looks as sick as possible!
The howler monkey is almost dead.
The howler monkey hits you.
A red film seems to cover your vision as you go berserk!
You feel yourself moving faster!
You feel mighty!
You barely miss the howler monkey.
The howler monkey is almost dead.
The howler monkey hoots and howls with incredible vigour!
You hear a shout!
Something shouts, "Submit, thou tottering shard-borne skainsmate!"
You hear a shout! x2; You hear an angry hiss.
You hear a shout! x4
You puncture the howler monkey!
You kill the howler monkey!
Kikubaaqudgha accepts your kill.
No target in view!
No target in view!
You feel a strong urge to attack something. 2 orcs and an ogre come into view.
The ogre shouts!
The orc shouts! x2
An orc comes into view. It is wielding a +0 short sword.
The ogre moves out of view.
The orc moves out of view.
You feel your anger nearly subside.
A bullfrog comes into view.
You are no longer berserk.
You are exhausted.
You feel yourself slow down.
The bullfrog croaks.
An orc warrior comes into view. It is wielding a -3 scimitar.
An adder comes into view.
Items here: $ ) ? [ † a +0 glaive; a +0 plate armour; a scroll labeled KABLOF OMMUASE; 27 gold pieces an orc corpse
Okay, then.
Unknown command.
Really read
x - a scroll of teleportation {@r3 !r}? [Y]es or [N]o only, please.
Really read
x - a scroll of teleportation {@r3 !r}?
As you read the scroll of teleportation {@r3 !r}, it crumbles to dust.
You feel strangely unstable.
The orc warrior shouts!
The adder hisses angrily.
The ogre hits you with a +0 giant club!!
An orc warrior comes into view. It is wielding a +0 long sword.
The orc warrior hits you with a cursed -3 scimitar!!
* * * LOW HITPOINT WARNING * * *
A centaur comes into view.
The ogre barely misses you.
The orc warrior moves out of view.
You hear a shout!
You hear a bark!
The orc warrior hits you with a cursed -3 scimitar!
* * * LOW HITPOINT WARNING * * *
The bullfrog hits you.
* * * LOW HITPOINT WARNING * * *
The orc closely misses you.
Okay, then.
Your surroundings seem slightly different.
A centaur skeleton comes into view.
The centaur skeleton hits you.
* * * LOW HITPOINT WARNING * * *
The centaur skeleton closely misses you.
Things that are here:
a +0 leather armour; a +0 war axe The centaur skeleton barely misses you.
The bullfrog hits you but does no damage.
The centaur skeleton hits you.
* * * LOW HITPOINT WARNING * * *
You see here a +0 dagger.
The centaur skeleton hits you but does no damage.
The bullfrog hits you.
* * * LOW HITPOINT WARNING * * *
The centaur skeleton misses you. The bullfrog hits you.
* * * LOW HITPOINT WARNING * * *
There is a stone staircase leading up here.
Casting: Vampiric Draining (safe; 5% risk of failure)
Confirm with . or Enter, or press ? or * to list all spells.
You don't have enough magic to cast that spell.
Unknown command.
The centaur skeleton hits you but does no damage.
The bullfrog barely misses you. The centaur skeleton hits you.
The bullfrog hits you.
You die...
Kikubaaqudgha rasps: "You have failed me!
Welcome... death!"

.....# #.. ..
#....###....# ... #.....
#.##.# ...
#....###....##.#
##.....##....#..# . #
###...............## ..
#.#.......)..........#...
.......)............##.>.
........@F[.............#
....#....Zoo.............
#.. #....O...............
#? ##.....o.c........#..
#......o.........#
..................###
.......................
.............<..<.§.....
......................##


You could see an orc warrior, an ogre, a bullfrog, a centaur, 3 orcs and a
centaur skeleton.

Vanquished Creatures
  An orc warrior (D:6)
  A necrophage (D:5)
  A phantom (D:5)
  A water moccasin skeleton (D:5)
  A scorpion (D:4)
  A vampire bat (D:2)
  2 howler monkeys
  A crimson imp (D:5)
  3 orc priests
  2 hounds (D:4)
  A centaur skeleton (D:4)
  A bullfrog skeleton (D:4)
  6 orc wizards
  2 worker ants (D:5)
  Robin (D:2)
  4 adders
  A river rat (D:5)
  A shadow imp (D:5)
  An ooze (D:2)
  2 adder skeletons
  3 worms
  3 dart slugs (D:1)
  7 leopard geckos
  28 orcs
  7 bats
  4 bat skeletons (D:2)
  3 bat zombies (D:2)
  3 giant cockroaches
  17 goblins
  6 hobgoblins
  8 jackals
  4 kobolds
  2 quokkas
  3 frilled lizards
  3 jackal skeletons
  A quokka skeleton (D:4)
  9 rats
145 creatures vanquished.

Vanquished Creatures (collateral kills)
  3 orcs (D:3)
3 creatures vanquished.

Grand Total: 148 creatures vanquished

Notes
Turn   | Place    | Note
-------+----------+-------------------------------------------
     0 | D:1      | MisterOstroum the Demonspawn Artificer began the quest for
                  | the Orb.
     0 | D:1      | Reached XP level 1. HP: 15/15 MP: 3/3
   268 | D:1      | Gained mutation: When hurt, damage is shared between your
                  | health and your magic reserves. [demonic ancestry]
   268 | D:1      | Reached XP level 2. HP: 18/22 MP: 4/4
   820 | D:1      | Gained mutation: You regenerate magic rapidly. [demonic
                  | ancestry]
   820 | D:1      | Reached XP level 3. HP: 12/28 MP: 3/5
  1067 | D:1      | Reached skill level 1 in Polearms
  1449 | D:2      | Found an ancient bone altar of Kikubaaqudgha.
  1463 | D:2      | Gained mutation: You are partially covered in thin metallic
                  | scales. (AC +2) [demonic ancestry]
  1463 | D:2      | Reached XP level 4. HP: 30/34 MP: 4/6
  1467 | D:2      | Became a worshipper of Kikubaaqudgha
  1519 | D:2      | Noticed Robin
  1575 | D:2      | Killed Robin
  2090 | D:2      | Found an ornate altar of the Wu Jian Council.
  2180 | D:2      | Reached skill level 1 in Necromancy
  2704 | D:3      | Gained mutation: When low on magic, you restore magic in
                  | place of health. [demonic ancestry]
  2704 | D:3      | Reached XP level 5. HP: 38/41 MP: 5/7
  2712 | D:3      | Reached * piety under Kikubaaqudgha
  2712 | D:3      | Identified Kikubaaqudgha's Handbook of Evil Rites
                  | (Kikubaaqudgha gifted it to you on level 3 of the Dungeon)
  2712 | D:3      | Received a gift from Kikubaaqudgha
  2717 | D:3      | Learned a level 1 spell: Pain
  2721 | D:3      | Learned a level 3 spell: Vampiric Draining
  3031 | D:3      | Reached skill level 1 in Spellcasting
  3811 | D:4      | Reached XP level 6. HP: 47/47 MP: 8/8
  3834 | D:3      | Gained mutation: You tend to lose your temper in combat.
                  | [potion of mutation]
  3834 | D:3      | Gained mutation: You can translocate small distances at
                  | will. [potion of mutation]
  4867 | D:4      | Found Kujyiff's Jewellery Emporium.
  4875 | D:4      | Got a translucent silver ring
  4876 | D:4      | Identified the ring "Ihub" {Fire +Blink Str-2 Dex+3} (You
                  | found it on level 4 of the Dungeon)
  4908 | D:4      | Found Ovakka's Distillery.
  4914 | D:4      | Bought a potion of lignification for 33 gold pieces
  4914 | D:4      | Bought a potion of haste for 110 gold pieces
  4921 | D:4      | Found Saaguivainn's Armour Boutique.
  5456 | D:5      | Entered Level 5 of the Dungeon
  5479 | D:5      | Reached XP level 7. HP: 32/52 MP: 8/10
  5996 | D:4      | Bought a potion of curing for 33 gold pieces
  6071 | D:5      | Reached skill level 5 in Necromancy
  6263 | D:5      | Reached ** piety under Kikubaaqudgha
  6397 | D:5      | Found a transporter.
  6397 | D:5      | Identified the +7 dire flail "Beetlebane" {crush, *Drain
                  | rElec rN+}
  6398 | D:5      | Noticed timeslip1974's ghost (amateur HOFi)
  6495 | D:5      | Reached skill level 5 in Fighting
  7199 | D:6      | Noticed a hungry ghost
  7237 | D:5      | Found a transporter.
  7553 | D:5      | Learned a level 2 spell: Sublimation of Blood
  7586 | D:6      | Gained mutation: You have sharp fingernails. [demonic
                  | ancestry]
  7586 | D:6      | Reached XP level 8. HP: 58/62 MP: 3/14
  7716 | D:6      | Got a wizard robe
  7729 | D:6      | Identified the +2 robe "Ozia" {Str+2 Dex+4 Stlth+} (You
                  | found it on level 6 of the Dungeon)
  7830 | D:6      | HP: 2/62 [bullfrog (2)]
  7831 | D:6      | Slain by a bullfrog

Levels and vault maps discovered:
D:1:      minmay_arrival_cross, layout_basic
D:2:      layout_basic, lemuel_coloured_pillars_altar,
          kennysheep_vampire_church, uniq_robin
D:3:      layout_loops_ring, nicolae_overflow_hidden_temple, minmay_diced_spiral
D:4:      layout_loops_cross, first_ration, serial_shops,
          nicolae_shop_statue_plus, shop, shop
D:5:      layout_rooms, gup_sewer_entry_spiral, gammafunk_ghost_smash,
          hangedman_decor_peaks_small
D:6:      layout_cave_pools, nicolae_overflow_crystal_walls,
          minmay_temple_entry_slanted, serial_park, serial_park_gazebo
          [serial_park_minivault_5x5_3], cheibriados_altar_1

Skill      XL: |  1  2  3  4  5  6  7  8 |
---------------+-------------------------+-----
Fighting       | 2 3 4 5 |  5.0
Polearms       | 2 |  2.9
Necromancy     | 1 2 4 5 |  5.7
Spellcasting   | 1 2 4 |  4.0
Dodging        | 2 |  2.5
Short Blades   | |  0.8
Stealth        | |  0.8
Evocations     | |  3.1

Action                   |  1- 3 |  4- 6 |  7- 9 || total
-------------------------+-------+-------+-------++-------
Melee: Short sword       |    81 |       |       ||    81
       Spear             |   105 |   244 |    55 ||   404
       Dagger            |       |    41 |   161 ||   202
 Fire: Hunting sling     |       |     6 |       ||     6
Throw: Boomerang         |     2 |     1 |    24 ||    27
       Stone             |       |     4 |       ||     4
 Cast: Vampiric Draining |       |       |    10 ||    10
       Pain              |       |       |    14 ||    14
 Abil: Evoke Berserk Rag |       |     1 |       ||     1
Evoke: Wand              |     1 |    13 |     7 ||    21
  Use: Scroll            |       |    11 |     1 ||    12
       Potion            |       |     4 |     1 ||     5
 Stab: Distracted        |       |     1 |       ||     1
       Sleeping          |       |       |     1 ||     1
  Eat: Chunk             |     2 |     7 |     9 ||    18
       Ration            |       |     2 |       ||     2
Armor: Leather armour    |    16 |       |       ||    16
       Ring mail         |    63 |   101 |    13 ||   177
       Skin              |       |     1 |       ||     1
       Robe              |       |       |    67 ||    67
Dodge: Dodged            |   133 |   120 |   143 ||   396

Table legend:
 A = Non-vault XP
 B = Vault XP
 C = Vault XP percentage of total XP
 D = Non-vault monster count
 E = Vault monster count
 F = Vault count percentage of total count
                 A         B        C        D         E       F
            +---------+---------+-------+---------+---------+-------
      Total |    1511 |     150 |   9.0 |     120 |      28 |  18.9
            +---------+---------+-------+---------+---------+-------
        D:1 |      63 |       0 |   0.0 |      31 |       0 |   0.0
        D:2 |      24 |     104 |  81.2 |      10 |      19 |  65.5
        D:3 |     202 |       6 |   2.9 |      23 |       3 |  11.5
        D:4 |     370 |       0 |   0.0 |      17 |       0 |   0.0
        D:5 |     585 |      40 |   6.4 |      26 |       6 |  18.8
        D:6 |     267 |       0 |   0.0 |      13 |       0 |   0.0
            +---------+---------+-------+---------+---------+-------
